Map: Ulrena

Players

FeedMyLama

  • Race: Protoss Protoss
  • League: Gold
  • Spawn Location: 11:00

zidar - Winner!

  • Race: Zerg Zerg
  • League: Gold
  • Spawn Location: 7:00

VOD

Have the link to the VOD?

Description

Time

  • Played on: June 1, 2016, 11:35 a.m.
  • Length: 14:46
Show
View Real Time Build Order
Export as new Build Order

FeedMyLama Protoss 

Build Orders: Carriers 

Get SALT Encoding   

  12  0:00  Probe (Chrono Boost)  
  13  0:16  Pylon  
  13  0:19  Probe (Chrono Boost)  
  14  0:30  Probe (Chrono Boost)  
  15  0:40  Probe (Chrono Boost)  
  16  1:00  Gateway  
  16  1:07  Forge  
  16  1:23  Nexus  
  16  1:36  Probe (Chrono Boost)  
  16  1:38  Assimilator  
  17  1:47  Probe (Chrono Boost)  
  18  1:54  Photon Cannon  
  18  1:58  Probe (Chrono Boost)  
  19  2:14  Pylon  
  19  2:30  Assimilator x2  
  19  2:34  Pylon  
  19  2:35  Probe (Chrono Boost)  
  20  2:39  Probe (Chrono Boost)  
  20  2:42  Cybernetics Core  
  21  2:49  Probe (Chrono Boost)  
  21  2:50  Probe (Chrono Boost)  
  23  2:54  Zealot  
  25  3:00  Probe (Chrono Boost)  
  25  3:01  Probe (Chrono Boost)  
  27  3:12  Probe x2 (Chrono Boost), Assimilator  
  29  3:20  Pylon  
  29  3:22  Stalker (Chrono Boost)  
  29  3:27  Probe, Warp Gate  
  33  3:34  Probe  
  33  3:37  Mothership Core  
  35  3:50  Stargate  
  35  3:55  Gateway  
  35  3:56  Probe x2  
  37  4:03  Adept (Chrono Boost)  
  37  4:08  Probe  
  40  4:12  Probe  
  41  4:20  Probe  
  42  4:27  Sentry (Chrono Boost)  
  42  4:30  Gateway  
  44  4:31  Pylon  
  44  4:32  Probe  
  44  4:33  Probe  
  46  4:42  Void Ray (Chrono Boost)  
  46  4:43  Probe  
  51  4:46  Probe  
  52  5:07  Probe, Stalker (Chrono Boost)  
  52  5:08  Probe  
  52  5:09  Pylon  
  56  5:22  Stargate  
  56  5:34  Photon Cannon  
  56  5:35  Probe  
  57  5:43  Void Ray (Chrono Boost)  
  57  5:47  Nexus  
  61  6:00  Stalker x3  
  61  6:01  Pylon  
  67  6:06  Protoss Air Weapons Level 1 (Chrono Boost)  
  67  6:09  Void Ray (Chrono Boost)  
  71  6:21  Void Ray (Chrono Boost)  
  71  6:25  Pylon  
  75  6:33  Gateway  
  75  6:38  Stalker  
  75  6:39  Adept  
  79  6:40  Adept  
  79  6:44  Void Ray (Chrono Boost)  
  85  6:54  Probe x2  
  85  6:55  Assimilator  
  85  6:57  Assimilator  
  85  6:58  Probe  
  88  7:06  Probe  
  89  7:09  Cybernetics Core  
  89  7:11  Fleet Beacon  
  89  7:13  Probe  
  89  7:14  Probe  
  91  7:28  Pylon  
  91  7:33  Probe  
  91  7:34  Probe, Pylon  
  91  7:35  Probe  
  94  7:42  Protoss Shields Level 1 (Chrono Boost)  
  94  7:46  Probe  
  94  7:48  Protoss Air Armor Level 1 (Chrono Boost)  
  94  7:49  Probe  
  94  7:50  Probe  
  97  7:58  Probe  
  97  7:59  Graviton Catapult  
  98  8:06  Probe x2  
  98  8:10  Probe  
  107  8:23  Probe x2  
  109  8:27  Carrier  
  109  8:28  Pylon  
  109  8:30  Pylon  
  109  8:39  Stargate  
  109  8:40  Stargate  
  115  8:50  Probe x3  
  118  9:01  Carrier  
  118  9:03  Protoss Air Weapons Level 2 (Chrono Boost)  
  118  9:10  Nexus  
  118  9:22  Adept  
  118  9:23  Adept x2  
  124  9:27  Pylon  
  130  9:35  Pylon  
  136  9:40  Pylon  
  136  9:53  Carrier x2  
  136  9:54  Photon Cannon x2  
  136  9:56  Photon Cannon  
  136  10:04  Photon Cannon  
  136  10:05  Photon Cannon  
  140  10:07  Photon Cannon  
  146  10:26  Carrier  
  146  10:30  Carrier  
  146  10:34  Probe x2, Assimilator  
  154  10:59  Assimilator  
  166  11:18  Carrier  
  166  11:21  Carrier  
  142  11:28  Zealot x2  
  142  11:29  Zealot x2  
  122  11:44  Carrier  
  122  11:51  Carrier  
  122  11:53  Stalker x3  
  122  11:54  Stalker  
  75  13:38  Probe x3  
  73  13:48  Probe x2  
Show
View Real Time Build Order
Export as new Build Order

zidar Zerg - Winner!

Build Orders: Pool First 

Get SALT Encoding   

  12  0:01  Drone  
  13  0:12  Overlord  
  13  0:17  Drone  
  14  0:21  Extractor  
  14  0:23  Drone  
  15  0:30  Drone  
  15  0:34  Drone  
  17  0:47  Spawning Pool  
  16  0:50  Drone  
  17  1:15  Hatchery  
  17  1:16  Drone  
  17  1:19  Extractor  
  17  1:21  Drone  
  17  1:28  Drone  
  18  1:36  Queen  
  20  1:41  Drone  
  21  1:50  Overlord  
  21  1:53  Zergling x2  
  23  2:08  Drone  
  23  2:17  Queen  
  25  2:28  Metabolic Boost  
  24  2:31  Zergling x2  
  24  2:32  Zergling x2  
  26  2:50  Drone x2  
  28  2:56  Hatchery  
  27  3:02  Extractor  
  26  3:15  Drone x6  
  32  3:49  Roach Warren  
  32  3:53  Lair  
  32  3:54  Pneumatized Carapace  
  31  4:07  Drone x5  
  36  4:17  Queen  
  38  4:28  Evolution Chamber  
  37  4:33  Evolution Chamber  
  36  4:46  Drone x6  
  42  5:00  Spore Crawler  
  42  5:05  Spore Crawler  
  40  5:15  Zerg Missile Weapons Level 1  
  40  5:17  Zerg Ground Armor Level 1  
  40  5:18  Hydralisk Den  
  39  5:35  Drone x3  
  42  5:41  Extractor  
  41  5:44  Extractor  
  40  5:56  Drone x2  
  41  5:59  Overlord x5  
  41  6:07  Muscular Augments  
  41  6:22  Hydralisk x3  
  41  6:23  Hydralisk x5  
  57  6:36  Drone x5  
  62  6:41  Drone  
  62  6:42  Drone x5  
  68  6:59  Hydralisk x4  
  76  7:02  Zergling x2  
  76  7:22  Hydralisk  
  76  7:23  Hydralisk  
  76  7:26  Overlord  
  76  7:27  Overlord x3  
  80  7:34  Zerg Ground Armor Level 2  
  80  7:35  Zerg Missile Weapons Level 2  
  80  7:53  Hydralisk x3  
  80  7:54  Hydralisk x2  
  90  8:01  Extractor  
  90  8:04  Overlord x3, Extractor  
  88  8:11  Drone x2  
  90  8:16  Overseer  
  90  8:18  Drone x5  
  95  8:38  Hydralisk x6  
  107  8:54  Hydralisk x5  
  117  9:03  Drone x3  
  120  9:26  Infestation Pit  
  119  9:43  Hydralisk  
  119  9:44  Hydralisk x8  
  137  9:50  Overlord x3  
  137  9:51  Overlord  
  137  10:24  Hatchery, Zergling x20  
  137  10:25  Zergling x10  
  151  10:35  Drone x3  
  154  10:42  Zerg Melee Weapons Level 1  
  154  10:44  Hive  
  154  10:56  Hydralisk x7  
  168  10:58  Overlord  
  115  11:51  Hydralisk x17  
  115  11:52  Hydralisk  
  117  13:00  Hydralisk x15  
  141  13:36  Hydralisk x10  
  161  13:58  Hydralisk x6  
Tags
 
Composition
Carriers
League
GoldGold
Matchup
PvZ
Opening
Pool First
Spawn Locations
Close Positions
Add a new tag
Caveats
  • Supply blocks, unpowered buildings, or Contaminate may cause inaccurate times.
  • Supply counts are checked every 10 seconds.